 Dungeon Crawl Stone Soup version 0.25-a0-294-gea9b1ad378 (webtiles) character file.

Game seed: 10270236949237952996, levelgen mode: classic

156 Borgoz the Covered (level 5, -5/48 HPs)
             Began as a Gargoyle Berserker on Dec 19, 2019.
             Was a Believer of Trog.
             Killed by divine providence
             ... invoked by an orc priest
              (14 damage)
             ... on level 3 of the Dungeon.
             The game lasted 00:02:17 (1907 turns).

Borgoz the Covered (Gargoyle Berserker)             Turns: 1907, Time: 00:02:17

Health: -5/48      AC:  8    Str: 27    XL:     5   Next: 37%
Magic:  5/5        EV: 12    Int:  8    God:    Trog [**....]
Gold:   102        SH:  3    Dex: 10    Spells: 4/4 levels left

rFire    . . .     SeeInvis .   a - +0 falchion
rCold    . . .     Gourm    .   (no shield)
rNeg     + . .     Faith    .   b - +0 animal skin
rPois    ∞         Spirit   .   (no helmet)
rElec    +         Reflect  +   m - +0 cloak
rCorr    .         Harm     .   n - +0 pair of gloves
MR       .....                  (no boots)
Stlth    ..........             o - +3 amulet of reflection
HPRegen  0.16/turn              j - +2 ring of strength
MPRegen  0.09/turn              (no ring)

@: berserking (expiring), very quick
A: negative energy resistance 1, electricity resistance, unbreathing,
petrification resistance, rot immunity, AC +4
a: Berserk, Trog's Hand, Renounce Religion


You were on level 3 of the Dungeon.
You worshipped Trog.
Trog was pleased with you.
You were hungry.

You visited 1 branch of the dungeon, and saw 3 of its levels.

You collected 102 gold pieces.

Inventory:

Hand Weapons
 a - a +0 falchion (weapon)
Armour
 b - a +0 animal skin (worn)
 m - a +0 cloak (worn)
 n - a +0 pair of gloves (worn)
Jewellery
 j - a +2 ring of strength (left hand)
 o - a +3 amulet of reflection (around neck)
Scrolls
 d - a scroll of identify {unknown}
 i - 2 scrolls of remove curse {unknown}
 l - 2 scrolls of teleportation {unknown}
 p - a scroll of random uselessness {unknown}
 q - a scroll of enchant weapon {unknown}
Potions
 e - a potion of mutation {unknown}
 f - a potion of lignification {unknown}
 g - 2 potions of curing {unknown}
 k - a potion of invisibility {unknown}
Comestibles
 c - 7 rations
 h - 6 chunks of flesh


   Skills:
 - Level 3.2 Fighting
 + Level 3.7 Long Blades
 + Level 3.8 Armour
 + Level 2.8 Dodging


You had 4 spell levels left.
You didn't know any spells.
Your spell library was empty.

Dungeon Overview and Level Annotations

Branches:
Dungeon (3/15)

Altars:
Ashenzari
Okawaru
Ru
The Shining One


Innate Abilities, Weirdness & Mutations

You are resistant to torment.
Your stone body is resilient. (AC +4)
You are immune to poison.
You resist negative energy. (rN+)
You are resistant to electric shocks. (rElec)
You can survive without breathing.
You are immune to petrification.
You are immune to rotting.


Message History

Trog accepts your kill. The frilled lizard bites you.
* * * LOW HITPOINT WARNING * * *
Things that are here:
a +0 whip; a +0 spear; an adder corpse You barely miss the frilled lizard.
The frilled lizard barely misses you.
You riposte.
You barely miss the frilled lizard. You closely miss the frilled lizard.
The orc priest looks braver for a moment.
You closely miss the frilled lizard. The frilled lizard barely misses you.
The orc priest miscasts a cantrip.
You closely miss the frilled lizard. The frilled lizard closely misses you.
You closely miss the frilled lizard.
The orc priest looks encouraged for a moment.
The frilled lizard bites you but does no damage.
You barely miss the frilled lizard. The frilled lizard closely misses you.
You barely miss the frilled lizard.
The orc priest invokes the aid of Beogh against you.
Beogh smites you!
You die... ....#### #...... #..... #.... oog. #oo

#l# #@# #.# ####
#.# .....###.#
.....#...#
........########.
........÷.(......
###.....########.
#.....##


You could see an orc priest, 3 orcs, a hobgoblin and a frilled lizard.

Vanquished Creatures
  5 adders
  3 gnolls (D:3)
  A worm (D:2)
  3 dart slugs
  3 leopard geckos (D:2)
  3 orcs (D:2)
  3 bats
  4 giant cockroaches
  6 goblins
  10 hobgoblins
  6 jackals
  5 kobolds
  A quokka (D:3)
  6 frilled lizards
  8 rats
67 creatures vanquished.

Notes
Turn   | Place    | Note
-------+----------+-------------------------------------------
     0 | D:1      | Borgoz the Gargoyle Berserker began the quest for the Orb.
     0 | D:1      | Reached XP level 1. HP: 14/14 MP: 1/1
   248 | D:1      | Reached XP level 2. HP: 19/19 MP: 2/2
   594 | D:1      | Reached XP level 3. HP: 19/23 MP: 3/3
   905 | D:2      | Found an iron altar of Okawaru.
  1027 | D:2      | Reached XP level 4. HP: 21/28 MP: 4/4
  1117 | D:2      | Reached ** piety under Trog
  1425 | D:2      | Found a glowing golden altar of the Shining One.
  1458 | D:2      | Found a shattered altar of Ashenzari.
  1611 | D:2      | Found a sacrificial altar of Ru.
  1867 | D:3      | Reached XP level 5. HP: 29/32 MP: 5/5
  1907 | D:3      | Killed from afar by an orc priest

Levels and vault maps discovered:
D:1:      dpeg_arrival_round_b, layout_basic
D:2:      layout_loops_cross, okawaru_ov_weapons_minmay, old_standard_altar,
          nicolae_tso_swordbearing_angel, nicolae_overflow_hidden_temple,
          guppyfry_early_orc_mine
D:3:      layout_basic, marbit_many_paths

Skill      XL: |  1  2  3 |
---------------+----------+-----
Dodging        | 2 |  2.8
Long Blades    | 3 |  3.7
Armour         | 3 |  3.8
Fighting       | |  3.2

Action                   |  1- 3 |  4- 6 || total
-------------------------+-------+-------++-------
Melee: Falchion          |   105 |   110 ||   215
Invok: Berserk           |     2 |     1 ||     3
  Eat: Chunk             |     2 |     4 ||     6
Armor: Animal skin       |    32 |    48 ||    80
Dodge: Dodged            |    87 |    61 ||   148
Block: Other             |     1 |    12 ||    13
       Rpst.: Falchion   |    30 |    20 ||    50

Table legend:
 A = Non-vault XP
 B = Vault XP
 C = Vault XP percentage of total XP
 D = Non-vault monster count
 E = Vault monster count
 F = Vault count percentage of total count
                 A         B        C        D         E       F
            +---------+---------+-------+---------+---------+-------
      Total |     206 |      17 |   7.6 |      60 |       7 |  10.4
            +---------+---------+-------+---------+---------+-------
        D:1 |      34 |       0 |   0.0 |      18 |       0 |   0.0
        D:2 |      96 |      17 |  15.0 |      33 |       7 |  17.5
        D:3 |      76 |       0 |   0.0 |       9 |       0 |   0.0
            +---------+---------+-------+---------+---------+-------
